[ AOE2 MATCH · #467000342 ]
UnrankedTeutons vs Cumans
[ REPLAY ANALYSIS · EXTRACTED FROM THE RECORDED GAME ]
Feudal
15:49
Castle
25:36
Imperial
36:38
| APM avg | 8.2 |
| APM peak | 26 |
| eAPM avg | 5.4 |
| Villagers / military | 55 / 55 |
Focus
⚔️ 30.2% · 🌾 69.8%
Teutonic Knight ×47 · Spearman ×6 · Trebuchet (Packed) ×2
Feudal
10:15
Castle
24:16
Imperial
42:25
| APM avg | 18.3 |
| APM peak | 43 |
| eAPM avg | 10.6 |
| Villagers / military | 100 / 36 |
Focus
⚔️ 15.3% · 🌾 84.7%
Spearman ×17 · Cavalry Archer ×12 · Scout Cavalry ×6 · Monk ×1
Feudal
11:07
Castle
23:45
Imperial
39:33
| APM avg | 19.0 |
| APM peak | 51 |
| eAPM avg | 12.0 |
| Villagers / military | 103 / 156 |
Focus
⚔️ 26.5% · 🌾 73.5%
Knight ×93 · Skirmisher ×49 · Spearman ×5 · Fishing Ship ×5 · Trebuchet (Packed) ×5 · Battering Ram ×4
Feudal
11:39
Castle
23:41
Imperial
—
| APM avg | 17.3 |
| APM peak | 40 |
| eAPM avg | 10.7 |
| Villagers / military | 43 / 43 |
Focus
⚔️ 42.8% · 🌾 57.2%
Spearman ×30 · Berserk ×7 · Battering Ram ×5 · Fishing Ship ×3 · Unknown (2626) ×2 · Fire Galley ×1
Feudal
11:33
Castle
20:54
Imperial
42:20
| APM avg | 29.3 |
| APM peak | 69 |
| eAPM avg | 14.2 |
| Villagers / military | 163 / 96 |
Focus
⚔️ 23.9% · 🌾 76.1%
Mangudai ×52 · Knight ×20 · Camel Scout ×5 · Battering Ram ×5 · Steppe Lancer ×5 · Trebuchet (Packed) ×5
Feudal
12:16
Castle
23:16
Imperial
—
| APM avg | 17.3 |
| APM peak | 42 |
| eAPM avg | 14.1 |
| Villagers / military | 168 / 192 |
Focus
⚔️ 27.7% · 🌾 72.3%
Scorpion ×65 · Spearman ×51 · Huskarl ×47 · Archer ×19 · Mangonel ×7 · Fishing Ship ×7
Match map
Initial resources + every placement click. Lines = walls · curves = elevation contours. ◆ gold · ⬟ stone · ● berries · ✦ relic · ◌ wall gap
Your base· Open — unwalled flank
Pantalla's base· Open — 5t gap
flosen14's base· Open — unwalled flank
Noir's base· ✓ Closed at 23:41 · 96t walls · 3 gate(s)
Alfredo666's base· Open — unwalled flank
mitch5's base· Open — 3t gap
Smoothed initial terrain · ◌ = detected wall gap · hover for details
Inputs per minute
— eNji - - Pantalla
Build order — eNji
131 actions detected in the replay
| 0:08 | Build | House |
| 0:10 | Build | House |
| 0:21 | Create | Villager (Male) |
| 0:21 | Create | Villager (Male) |
| 0:21 | Create | Villager (Male) |
| 0:22 | Create | Villager (Male) |
| 1:54 | Create | Villager (Male) |
| 2:28 | Create | Villager (Male) |
| 3:08 | Create | Villager (Male) |
| 3:40 | Create | Villager (Male) |
| 3:40 | Create | Villager (Male) |
| 4:21 | Build | House |
| 4:22 | Build | House |
| 4:55 | Build | Mill |
| 5:17 | Create | Villager (Male) |
| 5:17 | Create | Villager (Male) |
| 5:18 | Create | Villager (Male) |
| 5:39 | Build | House |
| 6:12 | Build | Mining Camp |
| 6:38 | Build | Lumber Camp |
| 7:07 | Create | Villager (Male) |
| 7:07 | Create | Villager (Male) |
| 7:23 | Create | Villager (Male) |
| 7:24 | Create | Villager (Male) |
| 7:27 | Create | Villager (Male) |
| 8:34 | Create | Villager (Male) |
| 9:39 | Create | Villager (Male) |
| 9:39 | Create | Villager (Male) |
| 9:40 | Create | Villager (Male) |
| 9:47 | Create | Villager (Male) |
| 10:20 | Research | Loom |
| 11:55 | Create | Villager (Male) |
| 11:56 | Create | Villager (Male) |
| 11:57 | Create | Villager (Male) |
| 13:39 | Research | Feudal Age |
| 14:31 | Build | Palisade Wall |
| 15:49 | Age | Feudal Age |
| 15:50 | Research | Double-Bit Axe |
| 15:54 | Research | Horse Collar |
| 15:57 | Research | Gold Mining |
| 15:58 | Research | Stone Mining |
| 16:01 | Research | Wheelbarrow |
| 16:11 | Build | House |
| 16:12 | Build | House |
| 16:38 | Build | Palisade Wall |
| 17:45 | Build | House |
| 17:46 | Build | House |
| 18:37 | Build | Barracks |
| 18:45 | Create | Villager (Male) ×5 |
| 19:01 | Build | Lumber Camp |
| 19:25 | Build | Farm |
| 19:26 | Build | Farm |
| 19:26 | Build | Farm |
| 19:27 | Build | Farm |
| 19:27 | Build | Farm |
| 19:28 | Build | Farm |
| 19:28 | Build | Farm |
| 19:29 | Build | Farm |
| 19:30 | Build | Farm |
| 19:31 | Build | Farm |
| 19:31 | Build | Farm |
| 19:32 | Build | Farm |
| 19:32 | Build | Farm |
| 19:33 | Build | Farm |
| 19:37 | Create | Villager (Male) ×5 |
| 20:15 | Build | Blacksmith |
| 20:53 | Research | Arson |
| 21:39 | Build | Market |
| 22:54 | Research | Castle Age |
| 23:29 | Create | Spearman |
| 23:29 | Create | Spearman |
| 23:30 | Create | Spearman |
| 23:31 | Create | Spearman |
| 24:30 | Research | Forging |
| 24:30 | Research | Scale Mail Armor |
| 24:40 | Build | House |
| 24:41 | Build | House |
| 24:46 | Create | Spearman |
| 24:46 | Create | Spearman |
| 25:36 | Age | Castle Age |
| 25:39 | Build | Stable |
| 25:52 | Build | Town Center |
| 26:10 | Research | Iron Casting |
| 26:10 | Research | Chain Mail Armor |
| 26:33 | Create | Villager (Male) ×5 |
| 26:55 | Build | Castle |
| 27:17 | Research | Pikeman (upgrade) |
| 27:18 | Research | Squires |
| 27:52 | Research | Stone Shaft Mining |
| 27:56 | Research | Bow Saw |
| 27:59 | Research | Heavy Plow |
| 28:26 | Build | Farm |
| 28:26 | Build | Farm |
| 28:26 | Build | Farm |
| 28:26 | Build | Farm |
| 28:27 | Build | Farm |
| 28:27 | Build | Farm |
| 28:27 | Build | Farm |
| 28:28 | Build | Farm |
| 28:29 | Build | Farm |
| 30:06 | Create | Villager (Male) ×5 |
| 30:48 | Create | Teutonic Knight ×5 |
| 30:49 | Create | Teutonic Knight ×5 |
| 30:49 | Create | Teutonic Knight |
| 30:49 | Create | Teutonic Knight |
| 31:37 | Create | Villager (Male) ×5 |
| 32:32 | Create | Villager (Male) ×5 |
| 33:28 | Research | Imperial Age |
| 33:39 | Create | Teutonic Knight |
| 33:39 | Create | Teutonic Knight |
| 33:39 | Create | Teutonic Knight |
| 34:39 | Create | Teutonic Knight |
| 34:39 | Create | Teutonic Knight |
| 34:39 | Create | Teutonic Knight |
| 34:40 | Create | Teutonic Knight |
| 34:40 | Create | Teutonic Knight |
| 34:40 | Create | Teutonic Knight |
| 35:51 | Build | Mining Camp |
| 36:38 | Age | Imperial Age |
| 36:41 | Create | Trebuchet (Packed) |
| 36:42 | Create | Trebuchet (Packed) |
| 36:51 | Research | Elite Teutonic Knight (upgrade) |
| 37:04 | Build | Castle |
| 40:46 | Create | Teutonic Knight ×5 |
| 40:47 | Create | Teutonic Knight ×5 |
| 40:47 | Create | Teutonic Knight ×5 |
| 40:47 | Create | Teutonic Knight ×5 |
| 40:47 | Create | Teutonic Knight ×5 |
| 40:48 | Create | Teutonic Knight |
| 41:48 | Research | Plate Mail Armor |
| 41:58 | Research | Conscription |
Build order — Pantalla
First 150 of 244 actions detected
| 0:01 | Create | Villager (Male) |
| 0:01 | Create | Villager (Male) |
| 0:02 | Create | Villager (Male) |
| 0:02 | Build | House |
| 0:05 | Build | House |
| 0:08 | Create | Villager (Male) |
| 1:44 | Create | Villager (Male) |
| 2:30 | Create | Villager (Male) |
| 2:37 | Create | Villager (Male) |
| 2:37 | Create | Villager (Male) |
| 3:01 | Build | Lumber Camp |
| 3:18 | Create | Villager (Male) |
| 4:12 | Create | Villager (Male) |
| 4:13 | Create | Villager (Male) |
| 4:24 | Build | House |
| 4:27 | Create | Villager (Male) |
| 5:05 | Create | Villager (Male) |
| 5:05 | Create | Villager (Male) |
| 5:33 | Build | Mill |
| 5:40 | Create | Villager (Male) |
| 5:54 | Build | House |
| 6:04 | Create | Villager (Male) |
| 6:17 | Build | House |
| 7:27 | Research | Loom |
| 8:05 | Research | Feudal Age |
| 9:24 | Build | Barracks |
| 10:14 | Create | Villager (Male) |
| 10:14 | Create | Villager (Male) |
| 10:15 | Create | Villager (Male) |
| 10:15 | Age | Feudal Age |
| 10:24 | Build | Stable |
| 10:31 | Create | Villager (Male) |
| 10:32 | Create | Villager (Male) |
| 11:01 | Create | Villager (Male) |
| 11:15 | Build | Mining Camp |
| 11:18 | Create | Scout Cavalry |
| 11:18 | Create | Scout Cavalry |
| 11:19 | Create | Scout Cavalry |
| 11:34 | Research | Double-Bit Axe |
| 12:36 | Create | Villager (Male) |
| 12:37 | Create | Villager (Male) |
| 12:52 | Create | Scout Cavalry |
| 12:57 | Build | House |
| 13:08 | Research | Bloodlines |
| 13:15 | Create | Scout Cavalry |
| 13:20 | Create | Scout Cavalry |
| 13:34 | Build | Blacksmith |
| 13:54 | Research | Bloodlines |
| 14:02 | Build | Market |
| 14:04 | Create | Villager (Male) |
| 14:05 | Create | Villager (Male) |
| 14:06 | Create | Villager (Male) |
| 14:08 | Create | Villager (Male) |
| 14:17 | Build | House |
| 14:46 | Create | Villager (Male) |
| 15:05 | Build | Farm |
| 15:11 | Build | Farm |
| 15:11 | Build | Farm |
| 15:11 | Build | Farm |
| 15:11 | Build | Farm |
| 15:11 | Build | Farm |
| 15:26 | Build | House |
| 15:28 | Build | House |
| 15:31 | Build | House |
| 15:38 | Create | Villager (Male) |
| 15:38 | Create | Villager (Male) |
| 15:45 | Build | Mill |
| 15:51 | Create | Villager (Male) |
| 16:38 | Research | Forging |
| 16:43 | Build | Farm |
| 16:55 | Create | Villager (Male) |
| 16:55 | Create | Villager (Male) |
| 17:37 | Build | House |
| 17:39 | Build | House |
| 17:40 | Build | House |
| 18:01 | Build | Farm |
| 18:01 | Build | Farm |
| 18:08 | Create | Villager (Male) |
| 18:08 | Create | Villager (Male) |
| 18:50 | Create | Villager (Male) |
| 18:50 | Create | Villager (Male) |
| 19:21 | Research | Scale Barding Armor |
| 19:24 | Create | Villager (Male) |
| 19:25 | Create | Villager (Male) |
| 19:33 | Build | Farm |
| 19:40 | Build | Farm |
| 20:46 | Create | Villager (Male) |
| 20:46 | Create | Villager (Male) |
| 21:22 | Research | Castle Age |
| 21:38 | Build | Market |
| 21:51 | Build | Farm |
| 21:51 | Build | Farm |
| 21:51 | Build | Farm |
| 21:51 | Build | Farm |
| 21:52 | Build | Farm |
| 21:52 | Build | Farm |
| 21:53 | Build | Farm |
| 22:06 | Build | Lumber Camp |
| 23:38 | Research | Wheelbarrow |
| 23:39 | Create | Villager (Male) |
| 23:39 | Create | Villager (Male) |
| 23:48 | Build | Archery Range |
| 23:57 | Build | Archery Range |
| 24:02 | Research | Fletching |
| 24:04 | Research | Padded Archer Armor |
| 24:07 | Create | Villager (Male) |
| 24:16 | Age | Castle Age |
| 24:20 | Research | Bow Saw |
| 24:34 | Create | Cavalry Archer |
| 24:43 | Create | Cavalry Archer |
| 24:58 | Create | Villager (Male) |
| 25:00 | Create | Villager (Male) |
| 25:00 | Create | Villager (Male) |
| 25:08 | Create | Cavalry Archer |
| 25:10 | Create | Cavalry Archer |
| 25:31 | Build | Town Center |
| 25:56 | Create | Cavalry Archer |
| 25:57 | Create | Cavalry Archer |
| 25:57 | Create | Cavalry Archer |
| 26:00 | Create | Cavalry Archer |
| 26:35 | Create | Spearman |
| 26:36 | Create | Spearman |
| 27:01 | Build | University |
| 27:30 | Create | Villager (Male) |
| 27:30 | Create | Villager (Male) |
| 27:31 | Create | Villager (Male) |
| 27:31 | Create | Villager (Male) |
| 27:31 | Create | Villager (Male) |
| 27:32 | Create | Villager (Male) |
| 27:32 | Create | Villager (Male) |
| 27:46 | Research | Ballistics |
| 27:50 | Build | Farm |
| 27:50 | Build | Farm |
| 27:51 | Build | Farm |
| 27:51 | Build | Farm |
| 27:51 | Build | Farm |
| 27:51 | Build | Farm |
| 28:38 | Create | Cavalry Archer |
| 28:39 | Create | Cavalry Archer |
| 28:39 | Create | Cavalry Archer |
| 28:39 | Create | Cavalry Archer |
| 28:47 | Build | Archery Range |
| 29:20 | Build | Farm |
| 30:00 | Create | Villager (Male) |
| 30:00 | Create | Villager (Male) |
| 30:01 | Create | Villager (Male) |
| 30:01 | Create | Villager (Male) |
| 30:01 | Create | Villager (Male) |
| 30:01 | Create | Villager (Male) |
| 30:02 | Create | Villager (Male) |
Build order — flosen14
First 150 of 270 actions detected
| 0:02 | Create | Villager (Male) ×4 |
| 0:12 | Build | House |
| 0:13 | Build | House |
| 0:15 | Build | House |
| 0:16 | Build | House |
| 0:53 | Build | Mill |
| 1:53 | Create | Villager (Male) |
| 2:20 | Create | Villager (Male) |
| 2:43 | Create | Villager (Male) |
| 3:00 | Create | Villager (Male) |
| 3:00 | Create | Villager (Male) |
| 3:52 | Create | Villager (Male) |
| 3:52 | Create | Villager (Male) |
| 3:52 | Create | Villager (Male) |
| 4:40 | Create | Villager (Male) |
| 4:40 | Create | Villager (Male) |
| 4:41 | Create | Villager (Male) |
| 5:00 | Create | Villager (Male) |
| 5:52 | Create | Villager (Male) |
| 5:52 | Create | Villager (Male) |
| 5:53 | Create | Villager (Male) |
| 6:06 | Build | Lumber Camp |
| 6:12 | Create | Villager (Male) |
| 7:30 | Create | Villager (Male) |
| 7:30 | Create | Villager (Male) |
| 7:31 | Create | Villager (Male) |
| 7:51 | Build | Mining Camp |
| 7:58 | Build | House |
| 8:00 | Build | House |
| 8:04 | Build | House |
| 8:11 | Create | Villager (Male) |
| 8:11 | Create | Villager (Male) |
| 8:45 | Build | Mining Camp |
| 8:57 | Research | Feudal Age |
| 9:12 | Build | House |
| 9:36 | Create | Villager (Male) |
| 9:36 | Create | Villager (Male) |
| 9:52 | Create | Villager (Male) |
| 9:52 | Create | Villager (Male) |
| 10:04 | Create | Villager (Male) |
| 10:30 | Create | Villager (Male) |
| 11:07 | Age | Feudal Age |
| 11:20 | Build | Town Center |
| 11:24 | Create | Villager (Male) |
| 11:24 | Create | Villager (Male) |
| 12:18 | Build | Dock |
| 12:23 | Research | Double-Bit Axe |
| 12:26 | Create | Villager (Male) |
| 12:26 | Create | Villager (Male) |
| 12:40 | Create | Villager (Male) |
| 13:19 | Build | Farm |
| 13:22 | Create | Villager (Male) |
| 13:22 | Create | Villager (Male) |
| 13:22 | Create | Villager (Male) |
| 13:33 | Create | Fishing Ship |
| 13:43 | Build | Farm |
| 14:00 | Create | Villager (Male) |
| 14:00 | Create | Villager (Male) |
| 14:28 | Build | Farm |
| 14:33 | Build | Farm |
| 14:36 | Build | Farm |
| 14:46 | Create | Fishing Ship |
| 14:50 | Create | Villager (Male) |
| 14:51 | Create | Villager (Male) |
| 14:54 | Create | Villager (Male) |
| 15:28 | Build | Barracks |
| 15:37 | Create | Villager (Male) |
| 15:37 | Create | Villager (Male) |
| 15:46 | Build | Farm |
| 15:50 | Build | Farm |
| 16:01 | Create | Villager (Male) |
| 16:02 | Create | Villager (Male) |
| 16:07 | Create | Fishing Ship |
| 16:26 | Create | Villager (Male) |
| 16:30 | Create | Villager (Male) |
| 16:38 | Build | Stable |
| 16:40 | Build | Stable |
| 16:45 | Create | Villager (Male) |
| 16:54 | Create | Fishing Ship |
| 17:02 | Build | Blacksmith |
| 17:09 | Create | Villager (Male) |
| 17:14 | Research | Horse Collar |
| 17:22 | Build | House |
| 17:23 | Build | House |
| 17:26 | Build | House |
| 17:28 | Build | House |
| 17:30 | Build | House |
| 17:31 | Build | House |
| 17:43 | Create | Villager (Male) |
| 17:43 | Create | Villager (Male) |
| 17:59 | Create | Spearman |
| 17:59 | Create | Spearman |
| 18:13 | Build | Farm |
| 18:14 | Build | Farm |
| 18:16 | Build | Farm |
| 18:17 | Build | Farm |
| 18:20 | Create | Spearman |
| 18:59 | Create | Spearman |
| 18:59 | Create | Spearman |
| 19:07 | Create | Villager (Male) |
| 19:07 | Create | Villager (Male) |
| 19:23 | Build | Farm |
| 19:24 | Build | Farm |
| 19:26 | Build | Farm |
| 19:28 | Build | Farm |
| 19:29 | Build | Farm |
| 19:31 | Build | Farm |
| 19:35 | Create | Fishing Ship |
| 21:05 | Research | Castle Age |
| 21:08 | Create | Villager (Male) |
| 21:08 | Create | Villager (Male) |
| 21:20 | Create | Villager (Male) |
| 21:21 | Create | Villager (Male) |
| 21:21 | Create | Villager (Male) |
| 21:50 | Build | Farm |
| 21:51 | Build | Farm |
| 21:52 | Build | Farm |
| 21:55 | Build | Farm |
| 21:56 | Build | Farm |
| 21:57 | Build | Farm |
| 21:58 | Build | Farm |
| 22:04 | Create | Villager (Male) |
| 22:04 | Create | Villager (Male) |
| 22:33 | Build | House |
| 22:34 | Build | House |
| 22:35 | Build | House |
| 22:36 | Build | House |
| 22:37 | Build | House |
| 22:39 | Build | House |
| 22:41 | Build | House |
| 22:46 | Build | Farm |
| 22:48 | Research | Scale Barding Armor |
| 22:49 | Research | Forging |
| 22:59 | Build | House |
| 23:00 | Build | House |
| 23:13 | Build | Stable |
| 23:14 | Build | Stable |
| 23:23 | Research | Bloodlines |
| 23:29 | Create | Villager (Male) |
| 23:29 | Create | Villager (Male) |
| 23:37 | Build | Farm |
| 23:39 | Build | Farm |
| 23:40 | Build | Farm |
| 23:41 | Build | Farm |
| 23:45 | Age | Castle Age |
| 23:49 | Create | Knight |
| 23:49 | Create | Knight ×5 |
| 23:49 | Create | Knight ×2 |
| 24:05 | Create | Villager (Male) |
| 24:05 | Create | Villager (Male) |
Build order — Noir
First 150 of 165 actions detected
| 0:07 | Build | House |
| 0:10 | Build | House |
| 0:13 | Create | Villager (Male) |
| 0:13 | Create | Villager (Male) |
| 0:13 | Create | Villager (Male) |
| 1:08 | Create | Villager (Male) |
| 1:11 | Research | Loom |
| 2:30 | Create | Villager (Male) |
| 2:30 | Create | Villager (Male) |
| 2:31 | Create | Villager (Male) |
| 3:06 | Create | Villager (Male) |
| 3:32 | Build | Mill |
| 3:40 | Create | Villager (Male) |
| 4:28 | Create | Villager (Male) |
| 4:29 | Create | Villager (Male) |
| 4:55 | Build | House |
| 5:02 | Build | House |
| 5:10 | Create | Villager (Male) |
| 5:10 | Create | Villager (Male) |
| 6:00 | Create | Villager (Male) |
| 6:01 | Create | Villager (Male) |
| 6:18 | Build | Lumber Camp |
| 6:31 | Create | Villager (Male) |
| 7:21 | Create | Villager (Male) |
| 7:21 | Create | Villager (Male) |
| 8:07 | Build | Dock |
| 8:17 | Create | Villager (Male) |
| 8:17 | Create | Villager (Male) |
| 8:28 | Build | House |
| 8:37 | Build | Lumber Camp |
| 9:10 | Create | Fishing Ship |
| 9:29 | Research | Feudal Age |
| 10:23 | Build | Barracks |
| 10:31 | Build | Palisade Wall |
| 10:37 | Build | Palisade Gate |
| 10:42 | Build | Palisade Wall |
| 11:10 | Create | Fishing Ship |
| 11:13 | Create | Fishing Ship |
| 11:39 | Age | Feudal Age |
| 11:57 | Create | Villager (Male) |
| 11:58 | Create | Villager (Male) |
| 13:13 | Create | Unit 2626 |
| 13:25 | Build | House |
| 13:31 | Build | Palisade Gate |
| 13:39 | Build | Palisade Wall |
| 13:44 | Build | Palisade Wall |
| 13:47 | Build | Palisade Wall |
| 13:53 | Build | Palisade Wall |
| 13:55 | Build | Palisade Wall |
| 14:10 | Research | Double-Bit Axe |
| 14:12 | Research | Horse Collar |
| 14:39 | Create | Unit 2626 |
| 14:50 | Create | Villager (Male) |
| 14:51 | Create | Villager (Male) |
| 14:51 | Create | Villager (Male) |
| 15:08 | Build | Palisade Wall |
| 15:12 | Build | Palisade Wall |
| 15:16 | Build | Palisade Wall |
| 15:20 | Build | Palisade Wall |
| 15:42 | Create | Fire Galley |
| 15:54 | Create | Villager (Male) |
| 15:54 | Create | Villager (Male) |
| 16:17 | Create | Villager (Male) |
| 16:18 | Create | Villager (Male) |
| 17:04 | Build | House |
| 17:05 | Build | House |
| 17:12 | Build | Mining Camp |
| 19:00 | Build | Market |
| 19:10 | Build | Blacksmith |
| 19:19 | Build | Mining Camp |
| 21:01 | Research | Castle Age |
| 21:14 | Research | Gold Mining |
| 21:15 | Research | Stone Mining |
| 22:05 | Build | Farm |
| 22:06 | Build | Farm |
| 22:08 | Build | Farm |
| 22:09 | Build | Farm |
| 22:10 | Build | Farm |
| 22:12 | Build | Farm |
| 22:31 | Research | Forging |
| 22:31 | Research | Scale Mail Armor |
| 22:39 | Create | Spearman |
| 22:40 | Create | Spearman |
| 22:40 | Create | Spearman |
| 22:53 | Build | Mill |
| 23:08 | Build | Gate |
| 23:22 | Create | Spearman |
| 23:36 | Build | House |
| 23:41 | Age | Castle Age |
| 24:01 | Create | Spearman |
| 24:50 | Research | Iron Casting |
| 24:50 | Research | Chain Mail Armor |
| 25:02 | Create | Spearman |
| 25:03 | Create | Spearman |
| 25:03 | Create | Spearman |
| 25:04 | Research | Pikeman (upgrade) |
| 25:17 | Build | House |
| 26:14 | Research | Squires |
| 26:14 | Create | Spearman |
| 27:30 | Create | Spearman |
| 27:31 | Create | Spearman |
| 28:58 | Create | Spearman |
| 28:59 | Create | Spearman |
| 28:59 | Create | Spearman |
| 28:59 | Create | Spearman |
| 29:12 | Build | Farm |
| 29:14 | Build | Farm |
| 29:15 | Build | Farm |
| 30:26 | Create | Spearman |
| 30:26 | Create | Spearman |
| 30:26 | Create | Spearman |
| 30:26 | Create | Spearman |
| 31:59 | Build | Castle |
| 32:44 | Build | Siege Workshop |
| 32:50 | Build | Barracks |
| 33:02 | Create | Villager (Male) |
| 33:02 | Create | Villager (Male) |
| 33:02 | Create | Villager (Male) |
| 33:02 | Create | Villager (Male) |
| 33:03 | Create | Villager (Male) |
| 33:05 | Create | Villager (Male) |
| 33:49 | Build | University |
| 34:03 | Build | Lumber Camp |
| 34:09 | Create | Battering Ram |
| 34:09 | Create | Battering Ram |
| 34:13 | Create | Spearman |
| 34:13 | Create | Spearman |
| 34:13 | Create | Spearman |
| 34:14 | Research | Arson |
| 34:33 | Create | Villager (Male) |
| 34:34 | Create | Villager (Male) |
| 34:34 | Create | Villager (Male) |
| 34:34 | Create | Villager (Male) |
| 35:29 | Create | Spearman |
| 35:29 | Create | Spearman |
| 35:39 | Create | Battering Ram |
| 35:46 | Research | Bow Saw |
| 35:49 | Create | Villager (Male) |
| 35:49 | Create | Villager (Male) |
| 35:50 | Create | Villager (Male) |
| 35:50 | Create | Villager (Male) |
| 36:33 | Build | Castle |
| 37:07 | Build | Farm |
| 37:08 | Build | Farm |
| 37:09 | Build | Farm |
| 38:08 | Create | Berserk |
| 38:08 | Create | Berserk |
| 38:09 | Create | Berserk |
| 38:09 | Create | Berserk |
| 38:09 | Create | Berserk |
Build order — Alfredo666
First 150 of 357 actions detected
| 0:01 | Create | Villager (Male) |
| 0:01 | Create | Villager (Male) |
| 0:01 | Create | Villager (Male) |
| 0:02 | Create | Villager (Male) |
| 0:03 | Build | House |
| 0:05 | Build | House |
| 1:29 | Create | Villager (Male) |
| 1:57 | Build | Lumber Camp |
| 2:00 | Create | Villager (Male) |
| 2:42 | Create | Villager (Male) |
| 2:42 | Create | Villager (Male) |
| 3:13 | Create | Villager (Male) |
| 3:37 | Build | House |
| 4:02 | Create | Villager (Male) |
| 4:03 | Create | Villager (Male) |
| 4:07 | Build | Mill |
| 4:44 | Build | House |
| 5:09 | Create | Villager (Male) |
| 5:23 | Build | House |
| 6:03 | Create | Villager (Male) |
| 6:03 | Create | Villager (Male) |
| 6:04 | Create | Villager (Male) |
| 6:08 | Create | Villager (Male) |
| 6:19 | Create | Villager (Male) |
| 6:20 | Create | Villager (Male) |
| 6:26 | Create | Villager (Male) |
| 6:38 | Build | Dock |
| 7:36 | Create | Villager (Male) |
| 7:38 | Create | Fishing Ship |
| 7:40 | Create | Villager (Male) |
| 7:45 | Build | House |
| 7:46 | Create | Villager (Male) |
| 8:07 | Create | Villager (Male) |
| 8:21 | Create | Villager (Male) |
| 8:22 | Create | Fishing Ship |
| 8:29 | Create | Villager (Male) |
| 8:56 | Create | Villager (Male) |
| 9:06 | Research | Loom |
| 9:06 | Research | Feudal Age |
| 9:08 | Create | Villager (Male) |
| 9:12 | Research | Loom |
| 9:14 | Create | Villager (Male) |
| 9:16 | Create | Fishing Ship |
| 9:40 | Create | Villager (Male) |
| 9:40 | Create | Villager (Male) |
| 9:58 | Build | Mining Camp |
| 10:07 | Create | Villager (Male) |
| 10:16 | Create | Villager (Male) |
| 10:19 | Create | Fishing Ship |
| 11:10 | Create | Villager (Male) |
| 11:33 | Age | Feudal Age |
| 11:37 | Research | Double-Bit Axe |
| 11:50 | Create | Villager (Male) |
| 11:52 | Research | Horse Collar |
| 12:03 | Build | Barracks |
| 12:03 | Create | Villager (Male) |
| 12:12 | Create | Villager (Male) |
| 12:33 | Build | House |
| 13:16 | Create | Villager (Male) |
| 13:19 | Create | Villager (Male) |
| 13:27 | Create | Villager (Male) |
| 13:32 | Build | Farm |
| 13:46 | Build | Stable |
| 13:49 | Create | Villager (Male) |
| 14:24 | Build | Lumber Camp |
| 14:25 | Create | Villager (Male) |
| 14:34 | Build | House |
| 14:37 | Create | Villager (Male) |
| 14:52 | Build | Farm |
| 14:57 | Build | Farm |
| 15:09 | Create | Villager (Male) |
| 15:16 | Create | Spearman |
| 15:16 | Create | Spearman |
| 15:20 | Create | Villager (Male) |
| 15:25 | Build | Farm |
| 15:32 | Build | Farm |
| 15:44 | Create | Villager (Male) |
| 15:54 | Build | Farm |
| 15:55 | Build | Farm |
| 16:15 | Build | Farm |
| 16:21 | Build | Farm |
| 16:29 | Build | Farm |
| 16:30 | Build | Farm |
| 16:57 | Build | Blacksmith |
| 16:58 | Create | Villager (Male) |
| 17:16 | Build | Outpost |
| 17:34 | Create | Villager (Male) |
| 17:36 | Build | Farm |
| 17:41 | Create | Villager (Male) |
| 17:48 | Build | Farm |
| 17:48 | Build | Farm |
| 17:56 | Build | House |
| 18:00 | Research | Scale Barding Armor |
| 18:06 | Research | Castle Age |
| 18:08 | Create | Villager (Male) |
| 18:12 | Build | Farm |
| 18:35 | Build | House |
| 18:37 | Create | Villager (Male) |
| 18:41 | Build | Lumber Camp |
| 18:47 | Create | Villager (Male) |
| 18:55 | Research | Forging |
| 19:08 | Research | Wheelbarrow |
| 19:20 | Create | Villager (Male) |
| 19:42 | Build | Stable |
| 19:43 | Create | Villager (Male) |
| 19:44 | Create | Villager (Male) |
| 19:45 | Create | Villager (Male) |
| 19:57 | Build | Farm |
| 19:59 | Build | Farm |
| 20:00 | Build | Farm |
| 20:00 | Build | Farm |
| 20:01 | Build | Farm |
| 20:01 | Build | Farm |
| 20:02 | Build | Farm |
| 20:03 | Build | Farm |
| 20:04 | Build | Farm |
| 20:05 | Build | Farm |
| 20:08 | Build | Farm |
| 20:10 | Build | Farm |
| 20:19 | Create | Villager (Male) |
| 20:45 | Create | Villager (Male) |
| 20:53 | Build | Mining Camp |
| 20:54 | Age | Castle Age |
| 20:57 | Create | Villager (Male) |
| 21:02 | Create | Steppe Lancer ×5 |
| 21:03 | Research | Husbandry |
| 21:03 | Research | Bloodlines |
| 21:05 | Create | Villager (Male) |
| 21:11 | Research | Iron Casting |
| 21:30 | Research | Heavy Plow |
| 21:30 | Research | Heavy Plow |
| 21:34 | Research | Bow Saw |
| 21:56 | Create | Villager (Male) |
| 22:05 | Research | Fletching |
| 22:06 | Create | Villager (Male) |
| 22:29 | Create | Villager (Male) |
| 22:30 | Create | Villager (Male) |
| 22:30 | Create | Villager (Male) |
| 22:49 | Create | Villager (Male) |
| 23:01 | Research | Chain Barding Armor |
| 23:08 | Build | Outpost |
| 23:30 | Create | Villager (Male) |
| 23:30 | Create | Villager (Male) |
| 23:32 | Create | Villager (Male) |
| 23:42 | Build | Town Center |
| 23:43 | Create | Villager (Male) |
| 23:43 | Create | Villager (Male) |
| 23:44 | Create | Villager (Male) |
| 23:59 | Create | Villager (Male) |
| 23:59 | Create | Villager (Male) |
Build order — mitch5
First 150 of 413 actions detected
| 0:02 | Research | Loom |
| 0:03 | Create | Villager (Male) |
| 0:03 | Create | Villager (Male) |
| 0:04 | Create | Villager (Male) |
| 0:04 | Create | Villager (Male) |
| 0:15 | Build | House |
| 0:15 | Build | House |
| 0:16 | Build | House |
| 0:16 | Build | House |
| 2:32 | Create | Villager (Male) |
| 2:32 | Create | Villager (Male) |
| 3:04 | Create | Villager (Male) |
| 3:04 | Create | Villager (Male) |
| 3:26 | Create | Villager (Male) |
| 3:26 | Create | Villager (Male) |
| 3:50 | Create | Villager (Male) |
| 3:50 | Create | Villager (Male) |
| 4:15 | Create | Villager (Male) |
| 4:16 | Create | Villager (Male) |
| 4:26 | Create | Villager (Male) |
| 4:26 | Create | Villager (Male) |
| 4:38 | Create | Villager (Male) |
| 4:38 | Create | Villager (Male) |
| 5:20 | Create | Villager (Male) |
| 5:21 | Create | Villager (Male) |
| 5:21 | Create | Villager (Male) |
| 7:09 | Create | Villager (Male) |
| 7:09 | Create | Villager (Male) |
| 7:36 | Create | Villager (Male) |
| 7:36 | Create | Villager (Male) |
| 7:36 | Create | Villager (Male) |
| 7:37 | Create | Villager (Male) |
| 7:37 | Create | Villager (Male) |
| 7:37 | Create | Villager (Male) |
| 7:53 | Build | Mill |
| 8:00 | Build | House |
| 8:00 | Build | House |
| 8:01 | Build | House |
| 8:01 | Build | House |
| 8:59 | Create | Villager (Male) |
| 8:59 | Create | Villager (Male) |
| 9:25 | Build | Lumber Camp |
| 9:57 | Research | Feudal Age |
| 10:01 | Create | Villager (Male) |
| 10:02 | Create | Villager (Male) |
| 10:29 | Build | Mining Camp |
| 11:14 | Build | Mining Camp |
| 11:24 | Create | Villager (Male) |
| 11:24 | Create | Villager (Male) |
| 11:46 | Create | Villager (Male) |
| 11:46 | Create | Villager (Male) |
| 11:57 | Build | Farm |
| 12:16 | Age | Feudal Age |
| 12:18 | Research | Double-Bit Axe |
| 12:18 | Research | Double-Bit Axe |
| 12:21 | Research | Horse Collar |
| 12:21 | Research | Horse Collar |
| 13:09 | Create | Villager (Male) |
| 13:21 | Build | Dock |
| 13:30 | Create | Villager (Male) |
| 13:31 | Create | Villager (Male) |
| 13:46 | Build | House |
| 13:46 | Build | House |
| 13:47 | Build | House |
| 13:47 | Build | House |
| 13:47 | Build | House |
| 13:47 | Build | House |
| 14:08 | Create | Villager (Male) |
| 14:08 | Create | Villager (Male) |
| 14:15 | Create | Fishing Ship |
| 14:58 | Build | Lumber Camp |
| 15:31 | Build | Barracks |
| 15:43 | Create | Fishing Ship |
| 15:43 | Create | Fishing Ship |
| 16:41 | Build | Farm |
| 16:41 | Build | Farm |
| 16:42 | Build | Farm |
| 16:42 | Build | Farm |
| 17:27 | Build | Blacksmith |
| 17:31 | Create | Villager (Male) |
| 17:32 | Create | Villager (Male) |
| 17:32 | Create | Villager (Male) |
| 17:32 | Create | Villager (Male) |
| 17:32 | Create | Villager (Male) |
| 19:17 | Create | Villager (Male) |
| 19:17 | Create | Villager (Male) |
| 19:49 | Build | Market |
| 20:11 | Create | Villager (Male) |
| 20:11 | Create | Villager (Male) |
| 20:11 | Create | Villager (Male) |
| 20:31 | Research | Castle Age |
| 20:31 | Research | Castle Age |
| 20:36 | Create | Villager (Male) |
| 20:36 | Create | Villager (Male) |
| 20:36 | Create | Villager (Male) |
| 20:40 | Build | House |
| 21:42 | Build | Lumber Camp |
| 21:47 | Create | Villager (Male) |
| 21:47 | Create | Villager (Male) |
| 21:56 | Build | House |
| 21:56 | Build | House |
| 21:56 | Build | House |
| 21:56 | Build | House |
| 21:57 | Build | House |
| 21:57 | Build | House |
| 21:57 | Build | House |
| 23:16 | Age | Castle Age |
| 23:23 | Build | Town Center |
| 23:46 | Research | Bow Saw |
| 24:10 | Create | Villager (Male) |
| 24:11 | Create | Villager (Male) |
| 24:30 | Build | Town Center |
| 24:57 | Build | Mining Camp |
| 25:06 | Build | Farm |
| 25:06 | Build | Farm |
| 25:06 | Build | Farm |
| 25:06 | Build | Farm |
| 25:08 | Build | Farm |
| 25:08 | Build | Farm |
| 25:08 | Build | Farm |
| 25:08 | Build | Farm |
| 25:14 | Create | Villager (Male) |
| 25:15 | Create | Villager (Male) |
| 25:15 | Create | Villager (Male) |
| 25:31 | Build | Farm |
| 25:44 | Build | Farm |
| 25:49 | Create | Villager (Male) |
| 25:49 | Create | Villager (Male) |
| 25:57 | Build | Farm |
| 26:07 | Build | Farm |
| 26:07 | Build | Farm |
| 26:08 | Build | Farm |
| 26:08 | Build | Farm |
| 26:17 | Build | Farm |
| 26:24 | Build | Farm |
| 26:31 | Build | Farm |
| 26:38 | Build | Farm |
| 26:40 | Create | Villager (Male) |
| 26:41 | Create | Villager (Male) |
| 26:41 | Create | Villager (Male) |
| 26:41 | Create | Villager (Male) |
| 26:55 | Create | Villager (Male) |
| 26:55 | Create | Villager (Male) |
| 26:56 | Create | Villager (Male) |
| 26:57 | Create | Villager (Male) |
| 27:00 | Create | Fishing Ship |
| 27:01 | Create | Fishing Ship |
| 27:01 | Create | Fishing Ship |
| 27:01 | Create | Fishing Ship |
| 27:14 | Create | Villager (Male) |
Match timeline
| 6:38 | Alfredo666 · first_building Dock |
| 8:07 | Noir · first_building Dock |
| 9:24 | Pantalla · first_building Barracks |
| 10:15 | Pantalla · age_up feudal |
| 10:23 | Noir · first_building Barracks |
| 10:24 | Pantalla · first_building Stable |
| 10:31 | Noir · wall_segment Palisade Wall x4 |
| 10:42 | Noir · wall_segment Palisade Wall x3 |
| 11:07 | flosen14 · age_up feudal |
| 11:33 | Alfredo666 · age_up feudal |
| 11:39 | Noir · age_up feudal |
| 12:03 | Alfredo666 · first_building Barracks |
| 12:16 | mitch5 · age_up feudal |
| 12:18 | flosen14 · first_building Dock |
| 13:21 | mitch5 · first_building Dock |
| 13:39 | Noir · wall_segment Palisade Wall x5 |
| 13:44 | Noir · wall_segment Palisade Wall x4 |
| 13:46 | Alfredo666 · first_building Stable |
| 13:47 | Noir · wall_segment Palisade Wall x12 |
| 13:53 | Noir · wall_segment Palisade Wall x9 |
| 13:55 | Noir · wall_segment Palisade Wall x11 |
| 14:31 | eNji · wall_segment Palisade Wall x14 |
| 15:08 | Noir · wall_segment Palisade Wall x11 |
| 15:12 | Noir · wall_segment Palisade Wall x8 |
| 15:16 | Noir · wall_segment Palisade Wall x12 |
| 15:20 | Noir · wall_segment Palisade Wall x18 |
| 15:28 | flosen14 · first_building Barracks |
| 15:31 | mitch5 · first_building Barracks |
| 15:49 | eNji · age_up feudal |
| 16:38 | eNji · wall_segment Palisade Wall x7 |
| 16:38 | flosen14 · first_building Stable |
| 18:37 | eNji · first_building Barracks |
| 20:54 | Alfredo666 · age_up castle |
| 23:16 | mitch5 · age_up castle |
| 23:41 | Noir · age_up castle |
| 23:45 | flosen14 · age_up castle |
| 23:48 | Pantalla · first_building Archery Range |
| 24:16 | Pantalla · age_up castle |
| 25:25 | Pantalla · first_market_buy 100 wood |
| 25:36 | eNji · age_up castle |
| 25:39 | eNji · first_building Stable |
| 26:00 | flosen14 · first_building Castle |
| 26:47 | flosen14 · first_building Siege Workshop |
| 26:55 | eNji · first_building Castle |
| 27:22 | mitch5 · first_building Archery Range |
| 28:34 | flosen14 · first_building Archery Range |
| 28:48 | Alfredo666 · first_building Castle |
| 30:57 | Alfredo666 · wall_segment Palisade Wall x4 |
| 31:34 | Pantalla · first_market_sell 500 wood |
| 31:57 | Pantalla · first_building Castle |
| 31:59 | Noir · first_building Castle |
| 32:20 | mitch5 · first_building Castle |
| 32:44 | Noir · first_building Siege Workshop |
| 33:07 | Alfredo666 · first_building Siege Workshop |
| 34:16 | Pantalla · first_building Monastery |
| 34:34 | mitch5 · first_building Siege Workshop |
| 35:28 | Alfredo666 · first_building Archery Range |
| 35:33 | Noir · first_market_buy 100 wood |
| 35:36 | Noir · first_market_sell 100 food |
| 36:06 | flosen14 · first_market_sell 100 stone |
| 36:38 | eNji · age_up imperial |
| 39:33 | flosen14 · age_up imperial |
| 40:09 | flosen14 · first_market_buy 100 wood |
| 42:20 | Alfredo666 · age_up imperial |
| 42:25 | Pantalla · age_up imperial |
| 42:47 | Noir · resign |
[ AI ANALYSIS · 1 CREDIT ]
What really happened in this match?
Wolo.gg analyzes every decision: build order, eco, micro, common mistakes by bracket. Personalized analysis on WhatsApp or Discord in 30 seconds.
Civ guide
Teutons
Perfil
Jugador #4548666